 Dungeon Crawl Stone Soup version 0.22-b1-26-g9dbaab1 (webtiles) character file.

41 glosham the Skirmisher (level 3, -1/31 HPs)
             Began as a Mummy Monk on Aug 8, 2018.
             Slain by a hound (5 damage)
             ... on level 4 of the Dungeon.
             The game lasted 00:11:27 (665 turns).

glosham the Skirmisher (Mummy Monk)                  Turns: 665, Time: 00:11:28

Health: -1/31      AC:  2    Str: 15    XL:     3   Next: 32%
Magic:  12/12      EV: 13    Int:  9    God:
Gold:   11         SH:  0    Dex: 14    Spells: 2/2 levels left

rFire    x . .     SeeInvis .   a - +0 war axe
rCold    + . .     Gourm    .   (no shield)
rNeg     + + +     Faith    .   h - +0 robe
rPois    ∞         Spirit   .   (no helmet)
rElec    .         Reflect  .   (no cloak)
rCorr    .         Harm     .   (no gloves)
MR       .....                  (no boots)
Stlth    ++........             (no amulet)
HPRegen  0.10/turn              A - ring of magical power
MPRegen  0.13/turn              (no ring)

@: no status effects
A: no food or potions, fire vulnerability, cold resistance 1, negative energy
resistance 3, torment resistance, unbreathing
a: no special abilities


You were on level 4 of the Dungeon.
You were not hungry.

You visited 1 branch of the dungeon, and saw 4 of its levels.

You collected 11 gold pieces.

Inventory:

Hand Weapons
 a - a +0 war axe (weapon)
 b - a +0 mace
 c - a +0 hunting sling
Missiles
 g - 48 stones (quivered)
Armour
 f - a +0 ring mail
 h - a +0 robe (worn)
Jewellery
 A - a ring of magical power (left hand)
Scrolls
 p - 3 scrolls of identify


   Skills:
 * Level 4.4 Fighting
 - Level 2.4 Maces & Flails
 - Level 2.4 Dodging
 - Level 1.5 Stealth


You had 2 spell levels left.
You didn't know any spells.
Your spell library was empty.

Dungeon Overview and Level Annotations

Branches:
Dungeon (4/15)
 Temple: D:4-7

Altars:

Annotations:
D:4 exclusion: centaur


Innate Abilities, Weirdness & Mutations

You do not eat or drink.
Your flesh is vulnerable to fire.
You are immune to poison.
Your flesh is cold resistant. (rC+)
You are immune to negative energy. (rN+++)
You are immune to unholy pain and torment.
You can survive without breathing.


Message History

You barely miss the ooze.
The ooze is heavily wounded.
The ooze hits you.
You slash the ooze!
You kill the ooze!
You have reached level 3!
Your experience leads to an increase in your attributes!
Increase (S)trength, (I)ntelligence, or (D)exterity?
You feel stronger.
As you read the scroll labeled HOTAGR CESEUMPU, it crumbles to dust.
It is a scroll of identify.
f - a +0 ring mail;
p - 3 scrolls of identify An adder comes into view.
b - a +0 mace (weapon)
The helpless adder fails to defend itself.
You hit the adder.
The adder is moderately wounded.
The adder completely misses you. The adder bites you.
You sock the adder!
The adder is almost dead.
The adder bites you. The adder barely misses you.
You hit the adder.
You kill the adder!
a - a +0 war axe (weapon)
You found a teleport trap!
A hound comes into view.
The hound barks!
An orc comes into view. It is wielding a dagger.
The hound bites you.
You miss the hound. The hound bites you.
* * * LOW HITPOINT WARNING * * *
The hound completely misses you.
You barely miss the hound. The hound bites you.
* * * LOW HITPOINT WARNING * * *
The hound closely misses you.
You barely miss the hound. The hound closely misses you. x2
You hit the hound but do no damage. The hound bites you.
* * * LOW HITPOINT WARNING * * *
The hound bites you.
You die...

#.# ....... ..... #
#.# #.....##.
.....## #.# #.......
....... #.# #.....#
....... #.# #.....#
....... #.# #.....##
# #.##.##
#.######......#.#
#.......h^....... .
########@##...#.#
#.##.## #.........#
....... #..##...#.#
#.##.## #..# .....
#... #..##...#.#.#.
#.## #..##........
#.##
##..##.###.#.####...
#..†................
#...........########


You could see a hound.

Vanquished Creatures
  2 adders (D:4)
  An ooze (D:4)
  A dart slug (D:4)
  2 bats
  4 goblins
  A hobgoblin (D:2)
  2 quokkas
  A frilled lizard (D:2)
  A jackal skeleton (D:4)
15 creatures vanquished.

Notes
Turn   | Place    | Note
-------+----------+-------------------------------------------
     0 | D:1      | glosham the Mummy Monk began the quest for the Orb.
     0 | D:1      | Reached XP level 1. HP: 18/18 MP: 1/1
   249 | D:3      | Reached XP level 2. HP: 20/24 MP: 2/2
   506 | D:4      | Reached skill level 4 in Fighting
   541 | D:4      | Noticed a centaur
   612 | D:4      | Reached XP level 3. HP: 15/30 MP: 3/3
   665 | D:4      | Slain by a hound

Skill      XL: |  1  2 |
---------------+-------+-----
Fighting       | 4 |  4.4
Maces & Flails | |  2.4
Dodging        | |  2.4
Stealth        | |  1.5

Action                   || total
-------------------------++-------
Melee: Mace              ||    50
       War axe           ||     8
  Use: Scroll            ||     1
 Stab: Sleeping          ||     2
Armor: Robe              ||     7
Dodge: Dodged            ||    46

Table legend:
 A = Turns spent in this place as a percentage of turns spent in the entire game.
 B = Non-inter-level travel turns spent in this place as a percentage of non-inter-level travel turns spent in the entire game.
 C = Inter-level travel turns spent in this place as a percentage of turns spent in this place.
 D = Turns resting spent in this place as a percentage of non-inter-level travel turns spent in this place.
 E = Turns spent auto-exploring this place as a percentage of non-inter-level travel turns spent in this place.
 F = Non-inter-level travel turns spent in this place divided by the number of levels of this place that you've seen.
                   A       B       C       D       E      F
               +-------+-------+-------+-------+-------+----------------------
         Total | 100.0 | 100.0 |   0.0 |   1.1 |   0.0 | 166.2
       Dungeon | 100.0 | 100.0 |   0.0 |   1.1 |   0.0 | 166.2
               +-------+-------+-------+-------+-------+----------------------

Table legend:
 A = Kills in this place as a percentage of kills in entire the game.
 B = Kills by you in this place as a percentage of kills by you in the entire game.
 C = Kills by friends in this place as a percentage of kills by friends in the entire game.
 D = Other kills in this place as a percentage of other kills in the entire game.
 E = Experience gained in this place as a percentage of experience gained in the entire game.
 F = Experience gained in this place divided by the number of levels of this place that you have seen.
                   A       B       C       D       E      F
               +-------+-------+-------+-------+-------+----------------------
         Total | 100.0 | 100.0 |   N/A |   N/A | 100.0 |  14.8
       Dungeon | 100.0 | 100.0 |   N/A |   N/A | 100.0 |  14.8
               +-------+-------+-------+-------+-------+----------------------

Vault maps used:
D:1:      giann_wishing_wells, hex_intersection
D:2:      minitemple, first_ration
D:3:      chequers_ecumenical_altar_island
D:4:      minmay_goblin_kobold_castle, serial_shops, nicolae_shop_waterfront,
          serial_bayou_lagoon_a, uniq_eustachio
